 Dungeon Crawl Stone Soup version 0.17-a0-737-gf0a300a (console) character file.

28 Monkaria the Slasher (level 3, 29/29 HPs)
             Began as a Demonspawn Chaos Knight on May 9, 2015.
             Quit the game on level 2 of the Dungeon.
             The game lasted 00:02:06 (648 turns).

Monkaria the Slasher (Demonspawn Chaos Knight)       Turns: 648, Time: 00:02:06

Health: 29/29      AC:  7    Str: 13    XL:     3   Next: 0%
Magic:  3/3        EV: 11    Int: 13    God:    Xom [..*...]
Gold:   29         SH:  0    Dex: 14    Spells: 0 memorised, 2 levels left

rFire  . . .     SeeInvis .     a - +0 falchion (chaos)
rCold  . . .     Clarity  .     b - +2 leather armour
rNeg   . . .     SustAb   .     (no shield)
rPois  +         Gourm    .     q - +0 helmet (curse)
rElec  .         Spirit   .     (no cloak)
rCorr  .         Warding  .     (no gloves)
rMut   .         Stasis   .     k - +0 pair of boots (curse)
MR     .....                    (no amulet)
Stlth  +++.......               g - ring of poison resistance
                                n - ring of teleport control

@: not resistant to hostile enchantments, fairly stealthy
A: thin skeletal structure 1, nightstalker 1
a: Renounce Religion, Evoke Teleport Control


You were on level 2 of the Dungeon.
You worshipped Xom.
You were a toy of Xom.
You were not hungry.

You visited 1 branch of the dungeon, and saw 2 of its levels.

You collected 29 gold pieces.

Inventory:

Hand weapons
 a - a +0 falchion of chaos (weapon)
Armour
 b - a +2 leather armour (worn)
 k - a cursed +0 pair of boots (worn)
 q - a cursed +0 helmet (worn)
Jewellery
 f - an uncursed ring of magical power
 g - a ring of poison resistance (right hand)
 n - a ring of teleport control (left hand)
Scrolls
 d - a scroll of recharging {unknown}
 e - a scroll of amnesia {unknown}
 j - a scroll of fog {unknown}
 o - 3 scrolls of blinking {unknown}
 p - a scroll of magic mapping {unknown}
Potions
 i - a potion of haste {unknown}
 l - a potion of lignification {unknown}
 m - a potion of heal wounds {unknown}
Comestibles
 c - 3 bread rations
 h - a meat ration


   Skills:
 + Level 3.4 Fighting
 * Level 3.4 Long Blades
 - Level 1.7 Armour
 - Level 0.8 Dodging


You had 2 spell levels left.
You didn't know any spells.

Dungeon Overview and Level Annotations

Branches:
Dungeon (2/15)

Altars:


Innate Abilities, Weirdness & Mutations

You have a somewhat thin skeletal structure (Dex +2, Stealth).
You are slightly more attuned to the shadows.


Message History

c - 3 bread rations (gained 1)
There is a stone staircase leading down here.
You see here a club.
You now have 29 gold pieces (gained 3).
A kobold comes into view. It is wielding a whip.
The kobold throws a stone.
The stone barely misses you.
You see here a stone.
A kobold is nearby!
A kobold is nearby!
The kobold throws a stone.
The stone closely misses you.
You see here a stone.
You barely miss the kobold. The kobold misses you.
You hit the kobold.
You kill the kobold!
You have reached level 3!
Your experience leads to an increase in your attributes!
Increase (S)trength, (I)ntelligence, or (D)exterity?
You feel stronger.
Your demonic ancestry asserts itself...
You slip into the darkness of the dungeon.
Are you sure you want to abandon this character and quit the game? (Confirm with "yes".)

#. #.#.#.#.#.### # #.
#.#>#.#.#.# #.
#.#)#.#.#.#
#..####.#.#.#.#.#
#.........#.. #.#
#.###.....#####.#
#...........((.?####
######...#####.%...#####
.............@........
####....####..)..#####
#....# #.....# #....#
#.....# #....# #.....#
#....# ####... #....
.... ...


There were no monsters in sight!

Vanquished Creatures
  An ooze (D:1)
  6 hobgoblins
  2 kobolds
  A bat (D:1)
  2 giant cockroaches (D:1)
  5 giant newts (D:1)
  5 goblins
  4 rats
26 creatures vanquished.

Notes
Turn   | Place    | Note
--------------------------------------------------------------
     0 | D:1      | Monkaria, the Demonspawn Chaos Knight, began the quest for the Orb.
     0 | D:1      | Reached XP level 1. HP: 18/18 MP: 1/1
    28 | D:1      | XOM: silly message
    46 | D:1      | Gained mutation: You have a somewhat thin skeletal structure (Dex +2, Stealth). [demonic ancestry]
    46 | D:1      | Reached XP level 2. HP: 14/24 MP: 2/2
   582 | D:2      | XOM: silly message
   647 | D:2      | Gained mutation: You are slightly more attuned to the shadows. [demonic ancestry]
   647 | D:2      | Reached XP level 3. HP: 29/29 MP: 3/3
   648 | D:2      | Quit the game

Action                   || total
-------------------------++-------
Melee: Falchion          ||    67
 Stab: Paralysed         ||     3
       Sleeping          ||     2
